Map: Orbital Shipyard

Players

Toons - Winner!

  • Race: Protoss Protoss
  • League: Silver

VOD

Have the link to the VOD?

Description

Time

  • Played on: Aug. 5, 2015, 6:50 a.m.
  • Length: 5:25
Show
View Real Time Build Order
Export as new Build Order

Toons Protoss - Winner!

Build Orders:  

Get SALT Encoding   

  12  0:02  Probe  
  12  0:14  Probe  
  12  0:20  Pylon  
  12  0:38  Probe (Chrono Boost)  
  12  0:42  Gateway  
  12  0:47  Assimilator  
  12  0:48  Probe (Chrono Boost)  
  12  0:55  Probe  
  12  1:07  Probe  
  12  1:20  Pylon  
  12  1:21  Probe (Chrono Boost)  
  12  1:25  Assimilator  
  12  1:30  Probe (Chrono Boost)  
  12  1:33  Cybernetics Core  
  12  1:38  Zealot  
  12  1:39  Probe (Chrono Boost)  
  12  1:49  Probe (Chrono Boost)  
  12  1:56  Probe  
  12  2:05  Zealot  
  12  2:08  Probe  
  12  2:11  Warp Gate (Chrono Boost)  
  12  2:14  Pylon  
  12  2:21  Mothership Core  
  12  2:33  Stalker  
  12  2:43  Probe  
  12  2:52  Nexus  
  12  2:58  Probe (Chrono Boost)  
  12  3:02  Pylon  
  12  3:10  Probe (Chrono Boost)  
  12  3:16  Probe (Chrono Boost)  
  12  3:19  Gateway  
  12  3:27  Probe (Chrono Boost)  
  12  3:30  Sentry  
  12  3:36  Pylon  
  12  3:39  Probe (Chrono Boost)  
  12  3:40  Assimilator  
  12  3:46  Probe (Chrono Boost)  
  12  3:57  Probe (Chrono Boost), Robotics Facility  
  12  4:14  Probe (Chrono Boost), Forge  
  12  4:17  Gateway  
  12  4:22  Probe (Chrono Boost)  
  12  4:28  Probe (Chrono Boost)  
  12  4:31  Pylon  
  12  4:32  Probe (Chrono Boost)  
  12  4:36  Probe (Chrono Boost), Assimilator  
  12  4:39  Probe  
  12  4:43  Sentry x2  
  12  4:46  Probe  
  12  4:52  Probe (Chrono Boost)  
  12  4:53  Observer  
  12  4:59  Probe (Chrono Boost)  
  12  5:04  Probe (Chrono Boost)  
  12  5:09  Probe (Chrono Boost), Robotics Bay  
  12  5:11  Pylon  
  12  5:13  Probe (Chrono Boost)  
  12  5:18  Sentry  
  12  5:19  Sentry  
Tags
 
Add a new tag
Caveats
  • Supply blocks, unpowered buildings, or Contaminate may cause inaccurate times.
  • Supply counts are checked every 10 seconds.